 Dungeon Crawl Stone Soup version 0.19.4 (console) character file.

6112 Kloppie the Cleaver (level 10, -11/86 HPs)
             Began as a Ghoul Berserker on Jan 31, 2017.
             Was a High Priest of Trog.
             Killed from afar by Pikel (14 damage)
             ... with a wand of acid
             ... on level 9 of the Dungeon.
             The game lasted 00:12:44 (7520 turns).

Kloppie the Cleaver (Ghoul Berserker)               Turns: 7520, Time: 00:12:45

Health: -11/86     AC: 13    Str: 26 (28) XL:     10   Next: 89%
Magic:  9/9        EV:  9    Int:  3      God:    Trog [*****.]
Gold:   500        SH: 18    Dex: 13      Spells: 0 memorised, 9 levels left

rFire  + . .     SeeInvis .     a - +0 war axe
rCold  + . .     Gourm    .     o - +1 plate armour
rNeg   + + +     Faith    .     k - +1 shield {AC+3}
rPois  ∞         Spirit   .     (no helmet)
rElec  .         Reflect  +     (no cloak)
rCorr  .         Harm     .     (no gloves)
MR     .....                    (no boots)
Stlth  ..........               x - amulet "Upuyd" {Reflect Str+4 Dex+5 SH+6 Stlth-}
                                I - ring of protection from fire
                                v - +3 ring of evasion

@: corroded, rotting
A: rotting body, claws 1, carnivore 3, cold resistance 1, negative energy
resistance 3, slow regeneration 1, torment resistance, unbreathing
a: Trog's Hand, Brothers in Arms, Burn Spellbooks, Renounce Religion


You were on level 9 of the Dungeon.
You worshipped Trog.
Trog was extremely pleased with you.
You were not hungry.

You visited 1 branch of the dungeon, and saw 9 of its levels.

You collected 500 gold pieces.

Inventory:

Hand Weapons
 a - a +0 war axe (weapon)
 b - a +1 scimitar of flaming
 E - a +5 hand axe
Armour
 k - a +1 shield of protection (worn)
 o - a +1 plate armour (worn)
Jewellery
 j - a +1 ring of evasion
 q - an uncursed ring of fire
 v - a +3 ring of evasion (left claw)
 x - the amulet "Upuyd" (around neck) {Reflect Str+4 Dex+5 SH+6 Stlth-}
   (You found it on level 7 of the Dungeon)

   [amulet of reflection]

   It shields you and reflects attacks.
   It affects your strength (+4).
   It affects your dexterity (+5).
   It affects your SH (+6).
   It makes you less stealthy.
 I - a ring of protection from fire (right claw)
Wands
 n - a wand of acid (6/15)
 s - a wand of slowing (19/48)
 w - a wand of polymorph (19/24)
 y - a wand of flame (35/48)
 z - a wand of flame (23/48)
 A - a wand of paralysis (14/24)
Scrolls
 e - 5 scrolls of remove curse
 h - 3 scrolls of identify
 i - 3 scrolls of enchant armour
 m - 2 scrolls of magic mapping
 r - a scroll of enchant weapon
 B - a scroll of acquirement
 D - a scroll of teleportation {unknown}
 F - 3 scrolls of recharging
 G - a scroll of blinking {unknown}
 H - a scroll of brand weapon {unknown}
Potions
 d - 4 potions of haste
 g - 2 potions of curing
 l - a potion of agility
 t - a potion of magic
 u - 3 potions of cancellation
Books
 C - a book of Conjurations

   Spells                             Type                      Level
   a - Magic Dart                     Conjuration                  1
   b - Searing Ray                    Conjuration                  2
   c - Dazzling Spray                 Conjuration/Hexes            3
   d - Fulminant Prism                Conjuration/Hexes            4
   e - Iskenderun's Mystic Blast      Conjuration                  4
   f - Iskenderun's Battlesphere      Conjuration/Charms           5
   Trog disapproves of the use of such an item.
Comestibles
 c - 6 meat rations
 f - 2 slices of pizza
 p - 11 chunks of flesh
 K - 6 beef jerkies


   Skills:
 - Level 7.1 Fighting
 + Level 9.0 Axes
 - Level 8.1 Armour
 - Level 1.7 Dodging
 * Level 7.4 Shields


You had 9 spell levels left.
You didn't know any spells.

Dungeon Overview and Level Annotations

Branches:
Dungeon (9/15)             Temple (0/1) D:4
   Lair: D:8-11         Orc: D:9-12

Altars:
Ashenzari
Cheibriados
Fedhas
Gozag
Hepliaklqana
Makhleb
Qazlal
Ru
Trog
Uskayaw

Shops:
D:6 %   D:8 [

Annotations:
D:9 1 runed door, Pikel


Innate Abilities, Weirdness & Mutations

Your body is rotting away.
You thrive on raw meat.
You are immune to poison.
You have sharp fingernails.
You are carnivorous and can eat meat at any time.
Your flesh is cold resistant. (rC+)
You are immune to negative energy. (rN+++)
You regenerate slowly when monsters are visible.
You are immune to unholy pain and torment.
You can survive without breathing.


Message History

Pikel is moderately wounded.
Pikel zaps a wand.
The bolt of acid hits you!
* * * LOW HITPOINT WARNING * * *
The acid corrodes you!
You are splashed with acid!
The acid burns!
* * * LOW HITPOINT WARNING * * *
You are too injured to fight recklessly!
You are too injured to fight recklessly!
You are too injured to fight recklessly!
You closely miss Pikel.
Pikel is moderately wounded.
Pikel hits you but does no damage.
You hit Pikel but do no damage.
Pikel is moderately wounded.
Pikel says, "You'll fetch a fair price!"
Pikel zaps a wand.
The bolt of acid hits you!
* * * LOW HITPOINT WARNING * * *
You are splashed with acid!
The acid burns!
* * * LOW HITPOINT WARNING * * *
Pikel zaps a wand.
The bolt of acid hits you!
You die...

#########################
......#.......#..#).(...#
...>..#.....|.#..')...(.#
......#.......+(.#).....#
!.)...#.......#.@#......#
##...###.###.###.##.....#
##...###.###.###K########
...........#...ppp<.....#
...>.......#....p.......#
...........#............#
...........#............#
####..###'###.####..##..#
#..###.##### #..# ##


You could see Pikel and 4 slaves.

Vanquished Creatures
  Erica (D:8)
  The ghost of luab the Ruffian, a novice NaTm of Cheibriados (D:8)
  The ghost of Kiturien the Chopper, a novice HOFi (D:5)
  A hornet (D:8)
  Sigmund (D:6)
  A hungry ghost (D:7)
  A steam dragon (D:8)
  2 insubstantial wisps (D:8)
  3 orc warriors (D:8)
  An ice beast (D:8)
  3 sky beasts (D:8)
  4 ogres
  5 phantoms
  4 centaurs
  2 big kobolds
  3 bullfrogs
  A scorpion (D:7)
  3 killer bees (D:7)
  8 wights
  A howler monkey (D:8)
  4 crimson imps
  2 centaur zombies (D:6)
  A bullfrog zombie (D:6)
  A bullfrog skeleton (D:8)
  3 hounds
  2 orc priests
  2 centaur skeletons
  An iguana (D:4)
  6 orc wizards
  7 worker ants
  A hound zombie (D:8)
  2 hound skeletons (D:8)
  A mummy (D:7)
  A worker ant zombie (D:9)
  7 adders
  A gnoll (D:1)
  An ooze (D:2)
  5 worms
  2 dart slugs (D:1)
  3 leopard geckos
  20 orcs
  6 bats
  5 giant cockroaches
  6 goblins
  11 hobgoblins
  8 jackals
  16 kobolds
  5 quokkas
  8 frilled lizards
  A quokka skeleton (D:7)
  5 rats
191 creatures vanquished.

Notes
Turn   | Place    | Note
-------+----------+-------------------------------------------
     0 | D:1      | Kloppie the Ghoul Berserker began the quest for the Orb.
     0 | D:1      | Reached XP level 1. HP: 19/19 MP: 0/0
   138 | D:1      | Reached XP level 2. HP: 25/26 MP: 1/1
   258 | D:1      | Reached skill level 3 in Axes
   486 | D:1      | Reached XP level 3. HP: 12/33 MP: 2/2
   642 | D:1      | Reached ** piety under Trog
  1040 | D:2      | Reached XP level 4. HP: 15/41 MP: 3/3
  1482 | D:2      | Found a hide-covered altar of Uskayaw.
  1922 | D:2      | Reached skill level 5 in Fighting
  1922 | D:2      | Reached XP level 5. HP: 28/48 MP: 4/4
  2184 | D:2      | Reached skill level 4 in Axes
  2390 | D:3      | Reached XP level 6. HP: 56/57 MP: 5/5
  2960 | D:4      | Found a sacrificial altar of Ru.
  3023 | D:4      | Noticed a phantom
  3047 | D:4      | Killed a phantom
  3373 | D:4      | Reached XP level 7. HP: 64/64 MP: 6/6
  3376 | D:4      | Reached *** piety under Trog
  3639 | D:4      | Found a staircase to the Ecumenical Temple.
  3728 | D:4      | Lost intelligence.
  3844 | D:5      | Entered Level 5 of the Dungeon
  3852 | D:5      | Noticed Kiturien's ghost (novice HOFi)
  4242 | D:5      | Reached skill level 5 in Axes
  4470 | D:5      | Found a blossoming altar of Fedhas.
  4474 | D:5      | Found a stormy altar of Qazlal.
  4488 | D:5      | Reached XP level 8. HP: 55/73 MP: 7/7
  4537 | D:5      | Found a stormy altar of Qazlal.
  4596 | D:5      | Killed Kiturien's ghost
  4596 | D:5      | Reached skill level 5 in Armour
  4879 | D:5      | Reached skill level 6 in Axes
  4995 | D:6      | Found Panenn's Food Boutique.
  5021 | D:6      | Found a shattered altar of Ashenzari.
  5036 | D:6      | Got a polished ring mail
  5047 | D:6      | Identified the +4 ring mail of Ashenzari's Pride {rF- Str+9 Int+3} (You found it on level 6 of the Dungeon)
  5268 | D:6      | Noticed Sigmund
  5274 | D:6      | Killed Sigmund
  5274 | D:6      | Reached XP level 9. HP: 69/79 MP: 8/8
  5507 | D:6      | Found an opulent altar of Gozag.
  5626 | D:6      | Found a hazy altar of Hepliaklqana.
  5677 | D:6      | Found a shattered altar of Ashenzari.
  5849 | D:7      | Got a fine lead amulet
  5853 | D:7      | Identified the amulet "Upuyd" {Reflect Str+4 Dex+5 SH+6 Stlth-} (You found it on level 7 of the Dungeon)
  5898 | D:7      | Found a burning altar of Makhleb.
  5918 | D:7      | Reached skill level 7 in Axes
  5996 | D:7      | Found a snail-covered altar of Cheibriados.
  6037 | D:7      | Reached **** piety under Trog
  6311 | D:7      | Identified a scroll of acquirement
  6386 | D:8      | Reached skill level 1 in Shields
  6440 | D:8      | Found Tosenete's Armour Emporium.
  6529 | D:8      | Reached XP level 10. HP: 54/86 MP: 9/9
  6673 | D:8      | Reached skill level 8 in Axes
  6693 | D:8      | Noticed luab's ghost (novice NaTm)
  6701 | D:8      | Reached ***** piety under Trog
  6738 | D:8      | Noticed Erica
  6749 | D:8      | Killed Erica
  6749 | D:8      | Reached skill level 5 in Shields
  7150 | D:8      | Killed luab's ghost
  7253 | D:8      | Found a bloodstained altar of Trog.
  7291 | D:9      | Found a runed door.
  7397 | D:9      | Reached skill level 9 in Axes
  7496 | D:9      | Noticed Pikel
  7519 | D:9      | HP: 3/86 [acid (12)]
  7520 | D:9      | Killed from afar by Pikel

Skill      XL: |  1  2  3  4  5  6  7  8  9 10 |
---------------+-------------------------------+-----
Axes           | 3 4 5 6 7 9 |  9.0
Fighting       | 4 5 6 7 |  7.1
Armour         | 4 6 8 |  8.1
Shields        | 3 7 |  7.4
Dodging        | |  1.7

Action                   |  1- 3 |  4- 6 |  7- 9 | 10-12 || total
-------------------------+-------+-------+-------+-------++-------
Melee: Hand axe          |   100 |   184 |   356 |    22 ||   662
       War axe           |       |       |       |   206 ||   206
Invok: Burn Spellbooks   |       |       |     1 |       ||     1
  Use: Scroll            |       |     5 |     9 |       ||    14
       Potion            |       |     1 |     8 |     4 ||    13
  Eat: Chunk             |     5 |    10 |    17 |    25 ||    57
Armor: Animal skin       |    17 |     2 |       |       ||    19
       Plate armour      |       |    74 |   183 |    82 ||   339
Dodge: Dodged            |    87 |    66 |   165 |    74 ||   392
Block: Other             |       |       |    40 |    43 ||    83
       Shield            |       |       |       |    22 ||    22
       Reflection        |       |       |       |     4 ||     4
